NYP
SPOKANE INDIANS @ LOS ANGELES (NYP) ANGELS
09/12/2048
 
TOP OF THE 1ST
Spokane Indians batting - Pitching for Los Angeles (NYP) Angels : LHP Si-hun Yi
Pitching: LHP Si-hun Yi
Batting: RHB Orlando Melchor 0-0: Foul Ball, location: 2F
0-1: Called Strike
0-2: Ground out 4-3 (Groundball, 4, EV 86.2 MPH)
Batting: RHB Laroya Foronda 0-0: Ball
1-0: Called Strike
1-1: Fly out, F9 (Line Drive, 89M, EV 94.4 MPH)
Batting: RHB Chad Thompson 0-0: Called Strike
0-1: Ball
1-1: Fly out, F9 (Flyball, 89S, EV 90.6 MPH)
Top of the 1st over - 0 runs, 0 hits, 0 errors, 0 left on base; Spokane 0 - Los Angeles (NYP) 0
BOTTOM OF THE 1ST
Los Angeles (NYP) Angels batting - Pitching for Spokane Indians : LHP Chris P. Bacon
Pitching: LHP Chris P. Bacon
Batting: RHB Nick Lombardo 0-0: Ball
1-0: Ball
2-0: Called Strike
2-1: SINGLE (Line Drive, 4MD, EV 105.6 MPH)
Batting: RHB Ricky Mejicanos 0-0: Ball
1-0: Fielders Choice at 2nd, 6-4 (Groundball, 6, EV 77.5 MPH)
Batting: RHB Kyler Seitz 0-0: Called Strike
0-1: Called Strike
0-2: Ball
1-2: Strikes out swinging
Batting: RHB Dean LeCroy 0-0: Ball
1-0: DOUBLE (Line Drive, 9LS, EV 112.5 MPH)
Ricky Mejicanos to third
Runner from 3rd tries for Home, throw by RF and OUT! 9-4-2
Bottom of the 1st over - 0 runs, 2 hits, 0 errors, 1 left on base; Spokane 0 - Los Angeles (NYP) 0
TOP OF THE 2ND
Spokane Indians batting - Pitching for Los Angeles (NYP) Angels : LHP Si-hun Yi
Batting: RHB Mike Thornton 0-0: Ball
1-0: Foul Ball, location: 2F
1-1: Ball
2-1: Ground out U3 (Groundball, 3, EV 105.0 MPH)
Batting: RHB Jason Swisher 0-0: Reached on error, E6 (Groundball, 56, EV 103.1 MPH)
Batting: RHB Dennis Daniels 0-0: Ball
1-0: Ball
2-0: Called Strike
2-1: Fly out, F7 (Flyball, 7LS, EV 85.6 MPH)
Batting: RHB Dennis Daniels 0-0: Ball
1-0: Ground out 6-3 (Groundball, 56, EV 105.0 MPH)
Top of the 2nd over - 0 runs, 0 hits, 1 error, 1 left on base; Spokane 0 - Los Angeles (NYP) 0
BOTTOM OF THE 2ND
Los Angeles (NYP) Angels batting - Pitching for Spokane Indians : LHP Chris P. Bacon
Batting: RHB Dan Myers 0-0: Ground out 3-1 (Groundball, 34S, EV 85.0 MPH)
Batting: LHB Mutsuo IIda 0-0: Foul Ball, location: 2F
0-1: Ball
1-1: Ball
2-1: Ball
3-1: Swinging Strike
3-2: Foul Ball, location: 2F
3-2: Strikes out swinging
Batting: RHB Khalil Thurston 0-0: Ball
1-0: Ball
2-0: Called Strike
2-1: Swinging Strike
2-2: SINGLE (Groundball, 6S, EV 65.0 MPH) (infield hit)
Batting: SHB Tim Connell 0-0: Called Strike
Khalil Thurston steals 2nd base
0-1: Ball
1-1: Ball
2-1: Fly out, F7 (Line Drive, 7, EV 103.8 MPH)
Bottom of the 2nd over - 0 runs, 1 hit, 0 errors, 1 left on base; Spokane 0 - Los Angeles (NYP) 0
TOP OF THE 3RD
Spokane Indians batting - Pitching for Los Angeles (NYP) Angels : LHP Si-hun Yi
Batting: RHB Edwin Soto 0-0: Ball
1-0: Ball
2-0: Called Strike
2-1: Ball
3-1: Base on Balls
Batting: RHB Rick Concha 0-0: Ball
1-0: Ball
2-0: Called Strike
2-1: SINGLE (Line Drive, 8LS, EV 107.5 MPH)
Edwin Soto to second
Batting: RHB Orlando Melchor 0-0: Foul Ball, location: 2F
0-1: Ball
1-1: Foul Ball, location: 2F
1-2: Ball
Wild Pitch!
Edwin Soto to third
Rick Concha to second
2-2: Ball
3-2: Ground out 5-3 (Groundball, 56, EV 104.4 MPH)
Edwin Soto scores
Batting: RHB Laroya Foronda 0-0: Called Strike
0-1: Called Strike
0-2: Ball
1-2: Foul Ball, location: 2F
1-2: Strikes out swinging
Batting: RHB Chad Thompson 0-0: Called Strike
0-1: Ball
1-1: Ball
2-1: Ball
3-1: Foul Ball, location: 2F
3-2: Base on Balls
Batting: RHB Mike Thornton 0-0: Called Strike
Rick Concha steals 3rd base
Chad Thompson to second
0-1: Ball
1-1: Foul Ball, location: 2F
1-2: Ground out 6-3 (Groundball, 6, EV 89.4 MPH)
Top of the 3rd over - 1 run, 1 hit, 0 errors, 2 left on base; Spokane 1 - Los Angeles (NYP) 0
BOTTOM OF THE 3RD
Los Angeles (NYP) Angels batting - Pitching for Spokane Indians : LHP Chris P. Bacon
Batting: RHB David Rhodes 0-0: Ball
1-0: Swinging Strike
1-1: Called Strike
1-2: Ball
2-2: Ball
3-2: SINGLE (Line Drive, 4M, EV 110.0 MPH)
Batting: RHB Nick Lombardo 0-0: Ball
1-0: Foul Ball, location: 2F
1-1: Ball
2-1: Called Strike
2-2: Ball
3-2: Strikes out swinging
Batting: RHB Ricky Mejicanos 0-0: Ball
1-0: Ball
2-0: Ball
3-0: Base on Balls
David Rhodes to second
Batting: RHB Kyler Seitz 0-0: Ball
1-0: Ball
2-0: Ball
3-0: Grounds into double play, 5-4-3 (Groundball, 56, EV 105.6 MPH)
Bottom of the 3rd over - 0 runs, 1 hit, 0 errors, 1 left on base; Spokane 1 - Los Angeles (NYP) 0
TOP OF THE 4TH
Spokane Indians batting - Pitching for Los Angeles (NYP) Angels : LHP Si-hun Yi
Batting: RHB Jason Swisher 0-0: Foul Ball, location: 2F
0-1: Foul Ball, location: 2F
0-2: DOUBLE (Line Drive, 89M, EV 106.2 MPH)
Batting: RHB Dennis Daniels 0-0: Called Strike
0-1: Reached on error, E5 (Groundball, 56, EV 86.9 MPH)
Jason Swisher to third
Batting: RHB Dennis Daniels 0-0: Fly out, F7 (Flyball, 7LM, EV 74.4 MPH)
Runner from 3rd tags up, OUT at HOME! 7-2
Dennis Daniels to second
Batting: RHB Edwin Soto 0-0: Called Strike
0-1: Ball
1-1: Ball
2-1: Foul Ball, location: 2F
2-2: Ball
3-2: Foul Ball, location: 2F
3-2: Base on Balls
Batting: RHB Rick Concha 0-0: Ball
1-0: Foul Ball, location: 2F
1-1: Ball
2-1: Foul Ball, location: 2F
2-2: Ball
3-2: Base on Balls
Dennis Daniels to third
Edwin Soto to second
Batting: RHB Orlando Melchor 0-0: Called Strike
0-1: Foul Ball, location: 2F
0-2: Fly out, F7 (Flyball, 78M, EV 78.8 MPH)
Top of the 4th over - 0 runs, 1 hit, 1 error, 3 left on base; Spokane 1 - Los Angeles (NYP) 0
BOTTOM OF THE 4TH
Los Angeles (NYP) Angels batting - Pitching for Spokane Indians : LHP Chris P. Bacon
Batting: RHB Dean LeCroy 0-0: Ball
1-0: Ground out 6-3 (Groundball, 56D, EV 98.8 MPH)
Batting: RHB Dan Myers 0-0: Foul Ball, location: 2F
0-1: Called Strike
0-2: Hit by Pitch
Batting: LHB Mutsuo IIda 0-0: Ball
Dan Myers steals 2nd base (no throw)
1-0: Called Strike
1-1: Foul Ball, location: 2F
1-2: Ball
2-2: Ball
3-2: Hit by Pitch
Batting: RHB Khalil Thurston 0-0: Ball
1-0: Foul Ball, location: 2F
1-1: Foul Ball, location: 2F
1-2: Ground out 6-3 (Groundball, 56, EV 96.9 MPH)
Dan Myers to third
Mutsuo IIda to second
Batting: SHB Tim Connell 0-0: Ground out 5-3 (Groundball, 56S, EV 88.1 MPH)
Bottom of the 4th over - 0 runs, 0 hits, 0 errors, 2 left on base; Spokane 1 - Los Angeles (NYP) 0
TOP OF THE 5TH
Spokane Indians batting - Pitching for Los Angeles (NYP) Angels : LHP Si-hun Yi
Batting: RHB Laroya Foronda 0-0: Ball
1-0: Foul Ball, location: 2F
1-1: Foul Ball, location: 2F
1-2: SINGLE (Line Drive, 8LS, EV 88.1 MPH)
Pitching: RHP Devin Spears
Batting: RHB Chad Thompson 0-0: Called Strike
Laroya Foronda is caught stealing 2nd base 2-4
0-1: Called Strike
0-2: Strikes out looking
Batting: RHB Mike Thornton 0-0: Swinging Strike
0-1: Ball
1-1: Ground out 6-3 (Groundball, 6, EV 93.8 MPH)
Top of the 5th over - 0 runs, 1 hit, 0 errors, 0 left on base; Spokane 1 - Los Angeles (NYP) 0
BOTTOM OF THE 5TH
Los Angeles (NYP) Angels batting - Pitching for Spokane Indians : LHP Chris P. Bacon
Batting: RHB David Rhodes 0-0: Hit by Pitch
Batting: RHB Nick Lombardo 0-0: Called Strike
0-1: Hit by Pitch
David Rhodes to second
Batting: RHB Ricky Mejicanos 0-0: Grounds into double play, 4-6-3 (Groundball, 34, EV 101.9 MPH)
David Rhodes to third
Batting: RHB Kyler Seitz 0-0: Ball
1-0: Ball
2-0: Ball
3-0: Base on Balls
Batting: RHB Dean LeCroy 0-0: Fielders Choice at 2nd, 5-4 (Groundball, 5L, EV 102.5 MPH)
Bottom of the 5th over - 0 runs, 0 hits, 0 errors, 2 left on base; Spokane 1 - Los Angeles (NYP) 0
TOP OF THE 6TH
Spokane Indians batting - Pitching for Los Angeles (NYP) Angels : RHP Devin Spears
Batting: RHB Jason Swisher 0-0: Ball
1-0: Called Strike
1-1: Called Strike
1-2: Strikes out swinging
Batting: RHB Dennis Daniels 0-0: Ball
1-0: Swinging Strike
1-1: Foul Ball, location: 2F
1-2: Strikes out swinging
Batting: RHB Dennis Daniels 0-0: Called Strike
0-1: Ground out 6-3 (Groundball, 6, EV 94.4 MPH)
Top of the 6th over - 0 runs, 0 hits, 0 errors, 0 left on base; Spokane 1 - Los Angeles (NYP) 0
BOTTOM OF THE 6TH
Los Angeles (NYP) Angels batting - Pitching for Spokane Indians : LHP Chris P. Bacon
Batting: RHB Dan Myers 0-0: Ball
1-0: Foul Ball, location: 2F
1-1: Ball
2-1: Ball
3-1: Ground out 6-3 (Groundball, 6, EV 79.4 MPH)
Batting: LHB Mutsuo IIda 0-0: Called Strike
0-1: Fly out, F7 (Line Drive, 78M, EV 86.2 MPH)
Batting: RHB Khalil Thurston 0-0: Called Strike
0-1: Ball
1-1: Foul Ball, location: 2F
1-2: SINGLE (Line Drive, 3D, EV 108.1 MPH)
Batting: SHB Tim Connell 0-0: Ball
Wild Pitch!
Khalil Thurston to second
1-0: Called Strike
1-1: Foul Ball, location: 2F
1-2: Strikes out swinging
Bottom of the 6th over - 0 runs, 1 hit, 0 errors, 1 left on base; Spokane 1 - Los Angeles (NYP) 0
TOP OF THE 7TH
Spokane Indians batting - Pitching for Los Angeles (NYP) Angels : RHP Devin Spears
Pinch Hitting: LHB Nick Foutz 0-0: Ball
1-0: Fly out, F9 (Flyball, 89S, EV 76.2 MPH)
Batting: RHB Rick Concha 0-0: Ball
1-0: Ball
2-0: Called Strike
2-1: Ground out 6-3 (Groundball, 6MD, EV 82.5 MPH)
Batting: RHB Orlando Melchor 0-0: Foul Ball, location: 2F
0-1: Called Strike
0-2: Ball
1-2: Ball
2-2: Ball
3-2: Strikes out swinging
Top of the 7th over - 0 runs, 0 hits, 0 errors, 0 left on base; Spokane 1 - Los Angeles (NYP) 0
BOTTOM OF THE 7TH
Los Angeles (NYP) Angels batting - Pitching for Spokane Indians : LHP Chris P. Bacon
Now at C: Mike Sammons
Batting: RHB David Rhodes 0-0: Called Strike
0-1: Fly out, F9 (Flyball, 9LM, EV 88.8 MPH)
Batting: RHB Nick Lombardo 0-0: Ball
1-0: Ball
2-0: Ball
3-0: Called Strike
3-1: Swinging Strike
3-2: Base on Balls
Batting: RHB Ricky Mejicanos 0-0: Swinging Strike
0-1: SINGLE (Groundball, 6MD, EV 97.5 MPH)
Nick Lombardo to second
Batting: RHB Kyler Seitz 0-0: Foul Ball, location: 2F
0-1: Ball
1-1: Ball
2-1: DOUBLE (Line Drive, 89XD, EV 103.1 MPH)
Nick Lombardo scores
Ricky Mejicanos to third
Runner from 3rd tries for Home, SAFE, no throw by CF
Batting: RHB Dean LeCroy 0-0: Called Strike
0-1: Ball
1-1: Called Strike
1-2: Ball
2-2: Foul Ball, location: 2F
2-2: Foul Ball, location: 2F
2-2: Foul Ball, location: 2F
2-2: Foul Ball, location: 2F
2-2: SINGLE (Line Drive, 7LS, EV 88.1 MPH)
Kyler Seitz to third
Batting: RHB Dan Myers 0-0: Foul Ball, location: 2F
0-1: Called Strike
0-2: Ball
1-2: Fly out, F9 (Flyball, 89S, EV 83.1 MPH)
Pitching: LHP Mario Castro
Batting: LHB Mutsuo IIda 0-0: Ball
Dean LeCroy is caught stealing 2nd base 2-6
Bottom of the 7th over - 2 runs, 3 hits, 0 errors, 1 left on base; Spokane 1 - Los Angeles (NYP) 2
TOP OF THE 8TH
Spokane Indians batting - Pitching for Los Angeles (NYP) Angels : RHP Devin Spears
Pinch Hitting: LHB Gabriel Graves 0-0: Called Strike
0-1: Called Strike
0-2: Ball
1-2: Strikes out swinging
Pinch Hitting: LHB Ben Radach 0-0: SINGLE (Groundball, 4MD, EV 100.6 MPH)
Batting: LHB Sean Gingrich 0-0: Ball
1-0: Ball
2-0: Called Strike
2-1: Called Strike
2-2: Strikes out looking
Pitching: LHP Tyler MacLean
Batting: RHB Jason Swisher 0-0: Called Strike
0-1: SINGLE (Groundball, 6MS, EV 78.1 MPH) (infield hit)
Ben Radach to second
Batting: RHB Dennis Daniels 0-0: DOUBLE (Flyball, 8LXD, EV 108.8 MPH)
Ben Radach scores
Jason Swisher to third
Batting: RHB Dennis Daniels 0-0: Ball
1-0: SINGLE (Groundball, 56, EV 101.9 MPH) (infield hit)
Jason Swisher scores
Dennis Daniels to third
Pinch Hitting: RHB Sergio Godinez 0-0: Ball
1-0: Ball
2-0: Ball
3-0: Called Strike
3-1: Foul Ball, location: 2F
3-2: Strikes out swinging
Top of the 8th over - 2 runs, 4 hits, 0 errors, 2 left on base; Spokane 3 - Los Angeles (NYP) 2
BOTTOM OF THE 8TH
Los Angeles (NYP) Angels batting - Pitching for Spokane Indians : LHP Mario Castro
Now at C: Sergio Godinez
Now in CF: Walter Vegter
Now in RF: Vinny Luna
Batting: LHB Mutsuo IIda 0-0: SINGLE (Flyball, 78S, EV 85.6 MPH)
Batting: RHB Khalil Thurston 0-0: Called Strike
0-1: Ball
1-1: Ball
2-1: Foul Ball, location: 2F
2-2: Strikes out looking
Batting: SHB Tim Connell 0-0: Called Strike
0-1: SINGLE (Groundball, 6M, EV 84.4 MPH) (infield hit)
Mutsuo IIda to second
Batting: RHB David Rhodes 0-0: Ball
1-0: Fly out, F7 (Flyball, 7, EV 73.8 MPH)
Pitching: RHP O.D. Claussen
Batting: RHB Nick Lombardo 0-0: Fly out, F8 (Line Drive, 8LD, EV 106.9 MPH)
Bottom of the 8th over - 0 runs, 2 hits, 0 errors, 2 left on base; Spokane 3 - Los Angeles (NYP) 2
TOP OF THE 9TH
Spokane Indians batting - Pitching for Los Angeles (NYP) Angels : LHP Tyler MacLean
Batting: RHB Rick Concha 0-0: Swinging Strike
0-1: Ball
1-1: Swinging Strike
1-2: Ball
2-2: Foul Ball, location: 2F
2-2: Strikes out looking
Batting: RHB Orlando Melchor 0-0: Ball
1-0: Swinging Strike
1-1: Ball
2-1: Foul Ball, location: 2F
2-2: Ball
3-2: Base on Balls
Batting: RHB Vinny Luna 0-0: Fly out, F7 (Flyball, 7LM, EV 103.1 MPH)
Pinch Hitting: RHB Josh Whitmore 0-0: Called Strike
Orlando Melchor is caught stealing 2nd base 2-4
Top of the 9th over - 0 runs, 0 hits, 0 errors, 0 left on base; Spokane 3 - Los Angeles (NYP) 2
BOTTOM OF THE 9TH
Los Angeles (NYP) Angels batting - Pitching for Spokane Indians : RHP O.D. Claussen
Pitching: LHP Chad Dominey
Now in CF: Danny Odom
Batting: RHB Ricky Mejicanos 0-0: Ball
1-0: Fly out, F7 (Flyball, 7S, EV 92.5 MPH)
Batting: RHB Kyler Seitz 0-0: Called Strike
0-1: Ball
1-1: Called Strike
1-2: Strikes out swinging
Batting: RHB Dean LeCroy 0-0: Fly out, F4 (Popup, 4S, EV 76.9 MPH)
Bottom of the 9th over - 0 runs, 0 hits, 0 errors, 0 left on base; Spokane 3 - Los Angeles (NYP) 2
Tuesday, March 28th , 2023 - OOTP Baseball 23.10 Build 110